Ice Dragons vs Thunder
Created - April 14, 2019 at 19:36
Goals
|
| Ice Dragons |
0 |
4 |
0 |
0 |
2 |
5 |
| Thunder |
0 |
2 |
2 |
0 |
1 |
4 |
|
Shots
|
| Ice Dragons |
5 |
17 |
4 |
1 |
3 |
27 |
| Thunder |
5 |
18 |
7 |
0 |
3 |
30 |
|
1st period
No Goal
Penalties :
Sam Carrick (Kin) for High sticking (Minor) at 9:48, Mikko Vainonen (TRO) for Elbowing (Minor) at 16:26, Michael Stone (Kin) for Boarding (Minor) at 18:43
2nd period
1. Ice Dragons , Brian Boyle 26 (Luke Adam 27, Alec Martinez 23) at 0:14 (SH)
2. Ice Dragons , Luke Adam 31 (Michael Ferland 14) at 1:34 (PP)
3. Thunder , Ryan Nugent-Hopkins 26 (David Wolf 16) at 3:53
4. Ice Dragons , Justin Shugg 3 (David Rundblad 36, Alec Martinez 24) at 10:45 (PP)
5. Thunder , Jamie McGinn 15 (Thomas Spelling 26, Trevor Lewis 32) at 12:33
6. Ice Dragons , Michael Ferland 5 (Luke Adam 28, Brayden McNabb 14) at 16:04
Penalties :
Peter Andersson (TRO) for Holding Stick (Minor) at 1:21, David Rundblad (Kin) for Boarding (Minor) at 5:22, Gianluca Curcuruto (TRO) for Hooking (Minor) at 9:37, Jake Muzzin (TRO) for Tripping (Minor) at 19:04
3rd period
7. Thunder , Peter Andersson 4 (Ryan Nugent-Hopkins 45, Benn Ferriero 3) at 0:43
8. Thunder , Thomas Spelling 17 (Trevor Lewis 33, Jamie McGinn 14) at 1:52 (PP)
Penalties :
Matt Corrente (Kin) for Interference (Minor) at 0:35, Logan MacMillan (Kin) for Delaying the game (Minor) at 2:14, Jake Muzzin (TRO) for Holding (Minor) at 19:39
Overtime #1
No Goal
Penalties :
No Penalty
Shootout
Ice Dragons, Brian Boyle - Goal!
Thunder, Benn Ferriero - Shot Misses the Net
Ice Dragons, Luke Adam - Stopped by Niklas Treutle
Thunder, Ryan Nugent-Hopkins - Goal!
Ice Dragons, Michael Chaput - Goal!
Thunder, Trevor Lewis - Stopped by Anders Nilsson
Penalties :
No Penalty
Goalie Stats
Anders Nilsson (Kin), 26 saves from 30 shots - (0.867), W, 19-27-1, 65:00 minutes
Devan Dubnyk (TRO), 12 saves from 16 shots - (0.750), 36:04 minutes
Niklas Treutle (TRO), 11 saves from 11 shots - (1.000), OTL, 7-6-2, 28:56 minutes
Players Stats for Ice Dragons
Player Name G A P +/- PIM S H SB GA TA FO MP PP MP PK MP
------------------------------------------------------------------------------------
Alec Martinez 0 2 2 -2 0 1 2 2 0 0 0/0 29:10 3:16 5:20
Brandon Kozun 0 0 0 -2 0 2 2 0 0 0 0/0 17:24 2:32 0:00
Brayden McNabb 0 1 1 1 0 1 1 2 0 1 0/0 22:19 1:55 3:25
Brian Boyle 1 0 1 -2 0 4 1 1 1 1 11/31 26:37 2:32 4:28
Chris Wagner 0 0 0 0 0 1 1 3 0 0 2/2 10:08 0:00 0:00
David Rundblad 0 1 1 1 2 3 0 1 0 0 0/0 21:35 1:55 2:43
Dmitri Orlov 0 0 0 0 0 0 0 0 0 0 0/0 2:40 0:00 0:00
Justin Shugg 1 0 1 1 0 2 2 0 0 0 0/0 14:38 2:14 0:00
Kevin Connauton 0 0 0 0 0 3 0 1 0 0 0/0 13:27 0:00 0:58
Logan MacMillan 0 0 0 -2 2 0 2 0 0 1 0/1 23:41 2:32 2:33
Luke Adam 1 2 3 1 0 2 1 0 1 0 5/10 22:43 2:22 5:06
Matt Corrente 0 0 0 -1 2 1 3 2 1 1 0/0 27:35 3:15 4:46
Michael Chaput 0 0 0 0 0 3 3 2 1 1 6/8 15:31 0:00 2:33
Michael Ferland 1 1 2 1 0 1 0 0 0 0 1/1 17:54 2:14 2:24
Michael Stone 0 0 0 -1 2 2 0 2 1 0 0/0 13:53 0:00 0:18
Sam Carrick 0 0 0 0 2 1 1 0 0 0 0/0 9:56 0:25 0:00
Theodor Blueger 0 0 0 0 0 0 1 0 0 0 0/1 14:47 0:27 0:19
Thomas Gobeil 0 0 0 0 0 0 0 0 0 0 0/0 6:44 0:15 0:07
Players Stats for Thunder
Player Name G A P +/- PIM S H SB GA TA FO MP PP MP PK MP
------------------------------------------------------------------------------------
Adam Clendening 0 0 0 1 0 1 2 0 0 0 0/0 21:33 3:31 2:21
Artur Gavrus 0 0 0 0 0 0 0 0 0 0 0/0 0:00 0:00 0:00
Austin Wuthrich 0 0 0 0 0 1 3 0 0 0 0/0 7:04 0:21 0:00
Benn Ferriero 0 1 1 1 0 7 1 0 3 0 8/14 26:34 4:27 4:29
Colby Cave 0 0 0 0 0 1 0 0 0 0 0/2 6:42 0:37 0:00
David Wolf 0 1 1 0 0 0 4 0 0 0 0/1 20:14 4:16 1:23
Duncan Siemens 0 0 0 1 0 0 2 1 0 0 0/0 22:02 3:31 2:15
Gianluca Curcuruto 0 0 0 0 2 2 1 1 0 1 0/0 14:52 0:08 2:48
Jake Muzzin 0 0 0 -1 4 0 2 4 0 1 0/0 27:43 4:54 1:41
Jamie McGinn 1 1 2 0 0 2 0 0 0 0 0/0 16:15 3:44 0:00
Jared Staal 0 0 0 0 0 2 3 1 0 0 1/2 12:08 0:00 0:00
Jarrod Maidens 0 0 0 0 0 0 0 0 0 0 1/2 1:23 0:00 0:33
Joe Labate 0 0 0 0 0 1 0 1 1 2 1/3 12:08 0:00 0:00
Mikko Vainonen 0 0 0 1 2 1 0 0 0 0 0/0 13:29 0:41 0:00
Nikolay Prokhorkin 0 0 0 0 0 0 1 0 0 0 0/0 12:20 0:00 0:13
Peter Andersson 1 0 1 0 2 5 2 4 0 1 0/0 30:52 5:06 4:35
Ryan Nugent-Hopkins 1 1 2 1 0 3 5 0 1 0 14/19 24:01 4:37 4:02
Thomas Spelling 1 1 2 0 0 2 1 0 0 0 0/0 16:15 3:44 0:00
Trevor Lewis 0 2 2 0 0 2 0 0 0 0 4/9 18:37 3:44 1:21
Vincent Dunn 0 0 0 0 0 0 1 0 0 0 0/0 2:38 0:24 0:00
Zach Stepan 0 0 0 0 0 0 0 0 0 0 0/2 5:46 0:00 0:00
3 Stars
1 - Luke Adam (Kin)
2 - Ryan Nugent-Hopkins (TRO)
3 - Michael Ferland (Kin)
Power Play
Ice Dragons - 2 on 6 Attempt(s) - 33.33%
Thunder - 1 on 4 Attempt(s) - 25.00%
Penalty Kill
Ice Dragons - 3 on 4 Attempt(s) - 75.00%
- Score 1 goal in Penalty Kill
Thunder - 4 on 6 Attempt(s) - 66.67%
- Score 0 goal in Penalty Kill
Team Stat
Ice Dragons - Hits : 20 - Faceoff Wins : 25 - Blocked Shots : 16 - Penalty Minutes : 10
Thunder - Hits : 28 - Faceoff Wins : 29 - Blocked Shots : 12 - Penalty Minutes : 10
Official
Referees : Unknown
Linesman : Unknown
Game Notes
Niklas Treutle enters game at 16:04 of 2nd period
9:22 of 3rd period - Penalty Shot by Jared Staal for Thunder - Stopped by Anders Nilsson
Finance
Level 1 -- Attendance: 1334 (66.70%) -- Ticket Income $53,360
Level 2 -- Attendance: 793 (79.30%) -- Ticket Income $15,860
Total Attendance: 2127 (70.90%)
Total Ticket Income: $69,220
Other Income: $3,461
Total Income: $72,681
Ice Dragons
5 vs 5 Forward
Center Left Wing Right Wing Time % Phy DF OF
1 Brian Boyle Logan MacMillan Brandon Kozun 40 1 2 2
2 Luke Adam Michael Ferland Justin Shugg 30 1 2 2
3 Michael Chaput Theodor Blueger Chris Wagner 20 1 2 2
4 Sam Carrick Brian Boyle Thomas Gobeil 10 1 2 2
5 vs 5 Defense
Defense Defense Time % Phy DF OF
1 Alec Martinez Matt Corrente 40 1 2 2
2 David Rundblad Brayden McNabb 30 1 2 2
3 Michael Stone Kevin Connauton 20 1 2 2
4 Dmitri Orlov Alec Martinez 10 1 2 2
PowerPlay Forward
Center Left Wing Right Wing Time % Phy DF OF
1 Brian Boyle Logan MacMillan Brandon Kozun 60 1 2 2
2 Luke Adam Michael Ferland Justin Shugg 40 1 2 2
PowerPlay Defense
Defense Defense Time % Phy DF OF
1 Alec Martinez Matt Corrente 60 1 2 2
2 David Rundblad Brayden McNabb 40 1 2 2
Penalty Kill 4 Players Forward
Center Wing Time % Phy DF OF
1 Brian Boyle Luke Adam 60 1 2 2
2 Michael Chaput Logan MacMillan 40 1 2 2
Penalty Kill 4 Players Defense
Defense Defense Time % Phy DF OF
1 Alec Martinez Matt Corrente 60 1 2 2
2 David Rundblad Brayden McNabb 40 1 2 2
Penalty Kill - 3 Players Forward
Forward Time % Phy DF OF
1 Brian Boyle 60 1 2 2
2 Luke Adam 40 1 2 2
Penalty Kill - 3 Players Defense
Defense Defense Time % Phy DF OF
1 Alec Martinez Matt Corrente 60 1 2 2
2 David Rundblad Brayden McNabb 40 1 2 2
4 vs 4 Forward
Center Wing Time % Phy DF OF
1 Brian Boyle Luke Adam 60 1 2 2
2 Michael Chaput Logan MacMillan 40 1 2 2
4 vs 4 Defense
Defense Defense Time % Phy DF OF
1 Alec Martinez Matt Corrente 60 1 2 2
2 David Rundblad Brayden McNabb 40 1 2 2
Last Minutes Offensive
Center Left Wing Right Wing Defense Defense
Brian Boyle Logan MacMillan Brandon Kozun Alec Martinez Matt Corrente
Last Minutes Defensive
Center Left Wing Right Wing Defense Defense
Brian Boyle Logan MacMillan Brandon Kozun Alec Martinez Matt Corrente
Goaltenders
Starting : Anders Nilsson
Backup : Harru Sateri
Extra Forwards
Normal : Theodor Blueger, Sam Carrick, Michael Ferland - PP : Theodor Blueger, Sam Carrick - PK : Michael Ferland
Extra Defensemen
Normal : Michael Stone, Kevin Connauton, Dmitri Orlov - PP : Michael Stone - PK : Kevin Connauton, Dmitri Orlov
Penalty Shots
Brian Boyle, Luke Adam, Michael Chaput, Logan MacMillan, Brandon Kozun
Scratches
Alex Henriksson (Healthy), Emil Pettersson (Healthy), Cole Ully (Healthy), William Carrier (Bruised Right Shoulder Injury), Christian Djoos (Healthy)
Alex Plante (Healthy), Samuel Groulx (Healthy), Oscar Dansk (Healthy)
Thunder
5 vs 5 Forward
Center Left Wing Right Wing Time % Phy DF OF
1 Ryan Nugent-Hopkins David Wolf Benn Ferriero 40 1 2 2
2 Trevor Lewis Jamie McGinn Thomas Spelling 30 1 2 2
3 Joe Labate Nikolay Prokhorkin Jared Staal 20 1 2 2
4 Zach Stepan Benn Ferriero Austin Wuthrich 10 1 2 2
5 vs 5 Defense
Defense Defense Time % Phy DF OF
1 Jake Muzzin Peter Andersson 40 1 2 2
2 Adam Clendening Duncan Siemens 30 1 2 2
3 Mikko Vainonen Gianluca Curcuruto 20 1 2 2
4 Jake Muzzin Peter Andersson 10 1 2 2
PowerPlay Forward
Center Left Wing Right Wing Time % Phy DF OF
1 Ryan Nugent-Hopkins David Wolf Benn Ferriero 60 1 2 2
2 Trevor Lewis Jamie McGinn Thomas Spelling 40 1 2 2
PowerPlay Defense
Defense Defense Time % Phy DF OF
1 Jake Muzzin Peter Andersson 60 1 2 2
2 Adam Clendening Duncan Siemens 40 1 2 2
Penalty Kill 4 Players Forward
Center Wing Time % Phy DF OF
1 Benn Ferriero Ryan Nugent-Hopkins 60 1 2 2
2 Trevor Lewis David Wolf 40 1 2 2
Penalty Kill 4 Players Defense
Defense Defense Time % Phy DF OF
1 Jake Muzzin Peter Andersson 60 1 2 2
2 Adam Clendening Duncan Siemens 40 1 2 2
Penalty Kill - 3 Players Forward
Forward Time % Phy DF OF
1 Benn Ferriero 60 1 2 2
2 Ryan Nugent-Hopkins 40 1 2 2
Penalty Kill - 3 Players Defense
Defense Defense Time % Phy DF OF
1 Jake Muzzin Peter Andersson 60 1 2 2
2 Adam Clendening Duncan Siemens 40 1 2 2
4 vs 4 Forward
Center Wing Time % Phy DF OF
1 Benn Ferriero Ryan Nugent-Hopkins 60 1 2 2
2 Trevor Lewis David Wolf 40 1 2 2
4 vs 4 Defense
Defense Defense Time % Phy DF OF
1 Jake Muzzin Peter Andersson 60 1 2 2
2 Adam Clendening Duncan Siemens 40 1 2 2
Last Minutes Offensive
Center Left Wing Right Wing Defense Defense
Ryan Nugent-Hopkins David Wolf Benn Ferriero Jake Muzzin Peter Andersson
Last Minutes Defensive
Center Left Wing Right Wing Defense Defense
Ryan Nugent-Hopkins David Wolf Benn Ferriero Jake Muzzin Peter Andersson
Goaltenders
Starting : Devan Dubnyk
Backup : Niklas Treutle
Extra Forwards
Normal : Colby Cave, Vincent Dunn, Jarrod Maidens - PP : Colby Cave, Vincent Dunn - PK : Jarrod Maidens
Extra Defensemen
Normal : Mikko Vainonen, Gianluca Curcuruto, Adam Clendening - PP : Mikko Vainonen - PK : Gianluca Curcuruto, Adam Clendening
Penalty Shots
Benn Ferriero, Ryan Nugent-Hopkins, Trevor Lewis, David Wolf, Jamie McGinn
Scratches
Dany Roussin (Bruised Left Shoulder Injury), Morgan Rielly (Healthy)
% Time on Ice - Ice Dragons
Lines # - Real PCT - Wanted PCT - Time Play
Normal Forward
1 - 33% - 40% - 15:05
2 - 34% - 30% - 15:23
3 - 22% - 20% - 10:08
4 - 11% - 10% - 5:00
Normal Defense
1 - 38% - 40% - 17:29
2 - 32% - 30% - 14:35
3 - 25% - 20% - 11:37
4 - 4% - 10% - 1:55
PP Forward
1 - 54% - 60% - 2:47
2 - 46% - 40% - 2:24
PP Defense
1 - 63% - 60% - 3:16
2 - 37% - 40% - 1:55
PK Forward
1 - 71% - 60% - 6:12
2 - 29% - 40% - 2:33
PK Defense
1 - 61% - 60% - 5:20
2 - 39% - 40% - 3:25
PK3 Forward
1 - 0% - 60%
2 - 0% - 40%
PK3 Defense
1 - 0% - 60%
2 - 0% - 40%
44 Forward
1 - 81% - 60% - 4:26
2 - 19% - 40% - 1:02
44 Defense
1 - 63% - 60% - 3:25
2 - 38% - 40% - 2:03
Last Minute Offensive - 0:00
Last Minute Defensive - 0:00
Total
Forward - 65:00
Defense - 65:00
|
% Time on Ice - Thunder
Lines # - Real PCT - Wanted PCT - Time Play
Normal Forward
1 - 33% - 40% - 14:58
2 - 28% - 30% - 12:51
3 - 27% - 20% - 12:08
4 - 12% - 10% - 5:39
Normal Defense
1 - 40% - 40% - 18:24
2 - 33% - 30% - 14:51
3 - 25% - 20% - 11:31
4 - 2% - 10% - 0:50
PP Forward
1 - 57% - 60% - 5:01
2 - 43% - 40% - 3:44
PP Defense
1 - 60% - 60% - 5:14
2 - 40% - 40% - 3:31
PK Forward
1 - 74% - 60% - 3:50
2 - 26% - 40% - 1:21
PK Defense
1 - 68% - 60% - 3:32
2 - 32% - 40% - 1:39
PK3 Forward
1 - 73% - 60% - 1:12
2 - 27% - 40% - 0:27
PK3 Defense
1 - 64% - 60% - 1:03
2 - 36% - 40% - 0:36
44 Forward
1 - 82% - 60% - 3:08
2 - 18% - 40% - 0:41
44 Defense
1 - 63% - 60% - 2:24
2 - 37% - 40% - 1:25
Last Minute Offensive - 0:00
Last Minute Defensive - 0:00
Total
Forward - 65:00
Defense - 65:00
|
Play-by-Play
1st period
0:01 of 1st period - Ryan Nugent-Hopkins wins face-off versus Brian Boyle in neutral zone.
0:30 of 1st period - Snap shot by Trevor Lewis.
0:30 of 1st period - Stopped by Anders Nilsson without a rebound.
0:31 of 1st period - Luke Adam wins face-off versus Trevor Lewis in Ice Dragons zone.
0:56 of 1st period - Adam Clendening is hit by Theodor Blueger and loses puck.
1:40 of 1st period - Off-side.
1:41 of 1st period - Michael Ferland wins face-off versus Trevor Lewis in neutral zone.
2:37 of 1st period - Snap shot by Nikolay Prokhorkin.
2:37 of 1st period - Deflect By Jared Staal.
2:37 of 1st period - Stopped by Anders Nilsson with a rebound.
2:39 of 1st period - Wrist shot by Jared Staal.
2:39 of 1st period - Shot Blocked by Kevin Connauton.
2:41 of 1st period - Slapshot by Adam Clendening.
2:41 of 1st period - Shot Misses the Net.
3:32 of 1st period - Kevin Connauton is hit by Peter Andersson.
3:44 of 1st period - Alec Martinez is hit by Austin Wuthrich and loses puck.
4:09 of 1st period - Alec Martinez is hit by Peter Andersson and loses puck.
5:40 of 1st period - Wrist shot by Benn Ferriero.
5:40 of 1st period - Stopped by Anders Nilsson with a rebound.
6:49 of 1st period - Slapshot by Luke Adam.
6:49 of 1st period - Shot Misses the Net.
9:06 of 1st period - Michael Chaput is hit by David Wolf.
9:24 of 1st period - Wrist shot by Kevin Connauton.
9:24 of 1st period - Stopped by Devan Dubnyk without a rebound.
9:25 of 1st period - Luke Adam wins face-off versus Jared Staal in Thunder zone.
9:30 of 1st period - Slapshot by David Rundblad.
9:30 of 1st period - Stopped by Devan Dubnyk with a rebound.
9:48 of 1st period - Minor Penalty to Sam Carrick for High sticking.
9:49 of 1st period - Brian Boyle wins face-off versus Ryan Nugent-Hopkins in Ice Dragons zone.
10:29 of 1st period - Snap shot by Jamie McGinn.
10:29 of 1st period - Shot Blocked by Brayden McNabb.
10:31 of 1st period - Wrist shot by Jamie McGinn.
10:31 of 1st period - Shot Misses the Net.
11:38 of 1st period - Matt Corrente is hit by Austin Wuthrich and loses puck.
11:48 of 1st period - Penalty to Sam Carrick is over, Sam Carrick is back on ice.
11:49 of 1st period - Logan MacMillan is hit by Vincent Dunn and loses puck.
12:12 of 1st period - Wrist shot by Matt Corrente.
12:12 of 1st period - Stopped by Devan Dubnyk with a rebound.
12:18 of 1st period - Slapshot by Logan MacMillan.
12:18 of 1st period - Shot Blocked by Peter Andersson.
12:20 of 1st period - Slapshot by Alec Martinez.
12:20 of 1st period - Shot Blocked by Joe Labate.
12:22 of 1st period - Wrist shot by Michael Chaput.
12:22 of 1st period - Stopped by Devan Dubnyk with a rebound.
12:30 of 1st period - Slapshot by Michael Chaput.
12:30 of 1st period - Stopped by Devan Dubnyk with a rebound.
12:32 of 1st period - Slapshot by Logan MacMillan.
12:32 of 1st period - Deflect By Michael Chaput.
12:32 of 1st period - Shot Blocked by Jared Staal.
12:32 of 1st period - Puck is out of play.
12:33 of 1st period - Ryan Nugent-Hopkins wins face-off versus Luke Adam in Thunder zone.
15:09 of 1st period - Snap shot by Thomas Spelling.
15:09 of 1st period - Shot Misses the Net.
15:19 of 1st period - Peter Andersson is hit by Michael Chaput and loses puck.
15:47 of 1st period - Wrist shot by Sam Carrick.
15:47 of 1st period - Shot Blocked by Peter Andersson.
16:15 of 1st period - Snap shot by Ryan Nugent-Hopkins.
16:15 of 1st period - Stopped by Anders Nilsson with a rebound.
16:17 of 1st period - Wrist shot by Benn Ferriero.
16:17 of 1st period - Stopped by Anders Nilsson without a rebound.
16:18 of 1st period - Chris Wagner wins face-off versus Benn Ferriero in Ice Dragons zone.
16:18 of 1st period - Chris Wagner is hit by Ryan Nugent-Hopkins.
16:26 of 1st period - Minor Penalty to Mikko Vainonen for Elbowing.
16:27 of 1st period - Benn Ferriero wins face-off versus Brian Boyle in Thunder zone.
16:27 of 1st period - Benn Ferriero is hit by Logan MacMillan.
16:37 of 1st period - Ryan Nugent-Hopkins is hit by Alec Martinez and loses puck.
17:02 of 1st period - Snap shot by Matt Corrente.
17:02 of 1st period - Shot Blocked by Peter Andersson.
18:26 of 1st period - Penalty to Mikko Vainonen is over, Mikko Vainonen is back on ice.
18:43 of 1st period - Minor Penalty to Michael Stone for Boarding.
18:44 of 1st period - Brian Boyle wins face-off versus Trevor Lewis in Ice Dragons zone.
19:08 of 1st period - Luke Adam is hit by Duncan Siemens and loses puck.
19:34 of 1st period - Jake Muzzin is hit by Matt Corrente and loses puck.
Goals for this period are 0 for Ice Dragons vs 0 for Thunder.
Shots for this period are 5 for Ice Dragons vs 5 for Thunder.
2nd period
0:01 of 2nd period - Brian Boyle wins face-off versus David Wolf in neutral zone.
0:14 of 2nd period - Snap shot by Brian Boyle.
0:14 of 2nd period - Goal by Brian Boyle - Ice Dragons : 1 - Thunder : 0.
0:15 of 2nd period - Ryan Nugent-Hopkins wins face-off versus Brian Boyle in neutral zone.
0:43 of 2nd period - Penalty to Michael Stone is over, Michael Stone is back on ice.
1:19 of 2nd period - Slapshot by Alec Martinez.
1:19 of 2nd period - Shot Misses the Net.
1:21 of 2nd period - Minor Penalty to Peter Andersson for Holding Stick.
1:22 of 2nd period - Jarrod Maidens wins face-off versus Luke Adam in Thunder zone.
1:26 of 2nd period - Off-side.
1:27 of 2nd period - Luke Adam wins face-off versus Jarrod Maidens in neutral zone.
1:32 of 2nd period - Slapshot by Luke Adam.
1:32 of 2nd period - Shot Misses the Net.
1:34 of 2nd period - Snap shot by Luke Adam.
1:34 of 2nd period - Goal by Luke Adam - Ice Dragons : 2 - Thunder : 0.
1:35 of 2nd period - Ryan Nugent-Hopkins wins face-off versus Brian Boyle in neutral zone.
1:50 of 2nd period - Snap shot by Brandon Kozun.
1:50 of 2nd period - Shot Misses the Net.
2:02 of 2nd period - Michael Ferland is hit by Jared Staal and loses puck.
3:20 of 2nd period - Icing by Peter Andersson.
3:21 of 2nd period - Joe Labate wins face-off versus Michael Chaput in Thunder zone.
3:21 of 2nd period - Joe Labate is hit by Matt Corrente.
3:34 of 2nd period - Wrist shot by Jared Staal.
3:34 of 2nd period - Shot Blocked by Michael Chaput.
3:36 of 2nd period - Slapshot by Peter Andersson.
3:36 of 2nd period - Stopped by Anders Nilsson without a rebound.
3:37 of 2nd period - Ryan Nugent-Hopkins wins face-off versus Brian Boyle in Ice Dragons zone.
3:48 of 2nd period - Matt Corrente is hit by Ryan Nugent-Hopkins and loses puck.
3:53 of 2nd period - Snap shot by Ryan Nugent-Hopkins.
3:53 of 2nd period - Goal by Ryan Nugent-Hopkins - Ice Dragons : 2 - Thunder : 1.
3:54 of 2nd period - Ryan Nugent-Hopkins wins face-off versus Brian Boyle in neutral zone.
5:02 of 2nd period - Mikko Vainonen is hit by Brayden McNabb and loses puck.
5:22 of 2nd period - Minor Penalty to David Rundblad for Boarding.
5:23 of 2nd period - Ryan Nugent-Hopkins wins face-off versus Brian Boyle in Ice Dragons zone.
5:27 of 2nd period - Wrist shot by Benn Ferriero.
5:27 of 2nd period - Stopped by Anders Nilsson with a rebound.
5:29 of 2nd period - Snap shot by David Wolf.
5:29 of 2nd period - Shot Misses the Net.
7:22 of 2nd period - Penalty to David Rundblad is over, David Rundblad is back on ice.
7:24 of 2nd period - Wrist shot by Austin Wuthrich.
7:24 of 2nd period - Stopped by Anders Nilsson without a rebound.
7:25 of 2nd period - Michael Chaput wins face-off versus Colby Cave in Ice Dragons zone.
7:30 of 2nd period - Slapshot by Kevin Connauton.
7:30 of 2nd period - Stopped by Devan Dubnyk without a rebound.
7:31 of 2nd period - Michael Chaput wins face-off versus Colby Cave in Thunder zone.
7:48 of 2nd period - Chris Wagner is hit by Austin Wuthrich and loses puck.
7:53 of 2nd period - Snap shot by Austin Wuthrich.
7:53 of 2nd period - Deflect By Colby Cave.
7:53 of 2nd period - Stopped by Anders Nilsson with a rebound.
7:55 of 2nd period - Wrist shot by Austin Wuthrich.
7:55 of 2nd period - Shot Misses the Net.
7:57 of 2nd period - Slapshot by Mikko Vainonen.
7:57 of 2nd period - Stopped by Anders Nilsson with a rebound.
7:59 of 2nd period - Snap shot by Austin Wuthrich.
7:59 of 2nd period - Shot Misses the Net.
8:01 of 2nd period - Snap shot by Colby Cave.
8:01 of 2nd period - Shot Misses the Net.
8:03 of 2nd period - Slapshot by Mikko Vainonen.
8:03 of 2nd period - Shot Blocked by Chris Wagner.
8:05 of 2nd period - Slapshot by Mikko Vainonen.
8:05 of 2nd period - Shot Blocked by Chris Wagner.
8:07 of 2nd period - Backhand shot by Gianluca Curcuruto.
8:07 of 2nd period - Stopped by Anders Nilsson without a rebound.
8:08 of 2nd period - Brian Boyle wins face-off versus Ryan Nugent-Hopkins in Ice Dragons zone.
8:08 of 2nd period - Brian Boyle is hit by David Wolf.
8:22 of 2nd period - Slapshot by Alec Martinez.
8:22 of 2nd period - Stopped by Devan Dubnyk with a rebound.
8:24 of 2nd period - Wrist shot by Brian Boyle.
8:24 of 2nd period - Shot Misses the Net.
9:03 of 2nd period - Snap shot by Jared Staal.
9:03 of 2nd period - Stopped by Anders Nilsson without a rebound.
9:04 of 2nd period - Ryan Nugent-Hopkins wins face-off versus Brian Boyle in Ice Dragons zone.
9:05 of 2nd period - Slapshot by Benn Ferriero.
9:05 of 2nd period - Shot Misses the Net.
9:35 of 2nd period - Snap shot by Michael Chaput.
9:35 of 2nd period - Shot Misses the Net.
9:37 of 2nd period - Minor Penalty to Gianluca Curcuruto for Hooking.
9:38 of 2nd period - Benn Ferriero wins face-off versus Brian Boyle in Thunder zone.
10:06 of 2nd period - Wrist shot by David Rundblad.
10:06 of 2nd period - Deflect By Justin Shugg.
10:06 of 2nd period - Stopped by Devan Dubnyk with a rebound.
10:08 of 2nd period - Slapshot by David Rundblad.
10:08 of 2nd period - Shot Blocked by Jake Muzzin.
10:10 of 2nd period - Snap shot by Michael Ferland.
10:10 of 2nd period - Shot Blocked by Peter Andersson.
10:12 of 2nd period - Slapshot by Brayden McNabb.
10:12 of 2nd period - Stopped by Devan Dubnyk without a rebound.
10:13 of 2nd period - Benn Ferriero wins face-off versus Brian Boyle in Thunder zone.
10:43 of 2nd period - Snap shot by David Rundblad.
10:43 of 2nd period - Shot Misses the Net.
10:45 of 2nd period - Snap shot by Justin Shugg.
10:45 of 2nd period - Goal by Justin Shugg - Ice Dragons : 3 - Thunder : 1.
10:46 of 2nd period - Trevor Lewis wins face-off versus Brian Boyle in neutral zone.
10:51 of 2nd period - Snap shot by Thomas Spelling.
10:51 of 2nd period - Stopped by Anders Nilsson with a rebound.
10:53 of 2nd period - Snap shot by Peter Andersson.
10:53 of 2nd period - Stopped by Anders Nilsson without a rebound.
10:54 of 2nd period - Brian Boyle wins face-off versus Trevor Lewis in Ice Dragons zone.
11:16 of 2nd period - Alec Martinez is hit by Thomas Spelling and loses puck.
11:31 of 2nd period - Snap shot by Brandon Kozun.
11:31 of 2nd period - Shot Misses the Net.
12:07 of 2nd period - Wrist shot by Brian Boyle.
12:07 of 2nd period - Shot Misses the Net.
12:27 of 2nd period - Snap shot by Trevor Lewis.
12:27 of 2nd period - Shot Blocked by Matt Corrente.
12:29 of 2nd period - Snap shot by Trevor Lewis.
12:29 of 2nd period - Stopped by Anders Nilsson with a rebound.
12:31 of 2nd period - Snap shot by Trevor Lewis.
12:31 of 2nd period - Shot Misses the Net.
12:33 of 2nd period - Slapshot by Thomas Spelling.
12:33 of 2nd period - Deflect By Jamie McGinn.
12:33 of 2nd period - Goal by Jamie McGinn - Ice Dragons : 3 - Thunder : 2.
12:34 of 2nd period - Ryan Nugent-Hopkins wins face-off versus Luke Adam in neutral zone.
12:39 of 2nd period - Wrist shot by Adam Clendening.
12:39 of 2nd period - Stopped by Anders Nilsson with a rebound.
12:41 of 2nd period - Wrist shot by Benn Ferriero.
12:41 of 2nd period - Shot Misses the Net.
12:43 of 2nd period - Slapshot by Benn Ferriero.
12:43 of 2nd period - Stopped by Anders Nilsson without a rebound.
12:44 of 2nd period - Luke Adam wins face-off versus Ryan Nugent-Hopkins in Ice Dragons zone.
12:57 of 2nd period - Luke Adam is hit by Ryan Nugent-Hopkins and loses puck.
13:04 of 2nd period - Wrist shot by Ryan Nugent-Hopkins.
13:04 of 2nd period - Shot Blocked by David Rundblad.
13:06 of 2nd period - Snap shot by Duncan Siemens.
13:06 of 2nd period - Shot Misses the Net.
13:08 of 2nd period - Slapshot by Duncan Siemens.
13:08 of 2nd period - Shot Misses the Net.
13:10 of 2nd period - Slapshot by David Wolf.
13:10 of 2nd period - Shot Misses the Net.
13:14 of 2nd period - Wrist shot by Ryan Nugent-Hopkins.
13:14 of 2nd period - Shot Misses the Net.
13:26 of 2nd period - Slapshot by Ryan Nugent-Hopkins.
13:26 of 2nd period - Shot Misses the Net.
13:28 of 2nd period - Snap shot by Adam Clendening.
13:28 of 2nd period - Shot Blocked by Brayden McNabb.
13:56 of 2nd period - Wrist shot by Benn Ferriero.
13:56 of 2nd period - Shot Misses the Net.
14:04 of 2nd period - Snap shot by Benn Ferriero.
14:04 of 2nd period - Stopped by Anders Nilsson without a rebound.
14:05 of 2nd period - Michael Chaput wins face-off versus Joe Labate in Ice Dragons zone.
14:05 of 2nd period - Michael Chaput is hit by Jake Muzzin.
14:19 of 2nd period - Snap shot by Michael Chaput.
14:19 of 2nd period - Shot Misses the Net.
14:21 of 2nd period - Slapshot by Alec Martinez.
14:21 of 2nd period - Shot Misses the Net.
14:36 of 2nd period - Backhand shot by Brian Boyle.
14:36 of 2nd period - Shot Misses the Net.
14:38 of 2nd period - Snap shot by Brandon Kozun.
14:38 of 2nd period - Shot Blocked by Jake Muzzin.
15:03 of 2nd period - Snap shot by Michael Chaput.
15:03 of 2nd period - Deflect By Chris Wagner.
15:03 of 2nd period - Shot Blocked by Gianluca Curcuruto.
15:03 of 2nd period - Puck is out of play.
15:04 of 2nd period - Chris Wagner wins face-off versus Zach Stepan in Thunder zone.
15:05 of 2nd period - Wrist shot by Michael Chaput.
15:05 of 2nd period - Stopped by Devan Dubnyk without a rebound.
15:06 of 2nd period - Michael Chaput wins face-off versus Zach Stepan in Thunder zone.
15:07 of 2nd period - Snap shot by Chris Wagner.
15:07 of 2nd period - Stopped by Devan Dubnyk with a rebound.
15:21 of 2nd period - Snap shot by Michael Chaput.
15:21 of 2nd period - Shot Misses the Net.
15:36 of 2nd period - Slapshot by David Rundblad.
15:36 of 2nd period - Stopped by Devan Dubnyk without a rebound.
15:37 of 2nd period - Ryan Nugent-Hopkins wins face-off versus Brian Boyle in Thunder zone.
16:04 of 2nd period - Snap shot by Luke Adam.
16:04 of 2nd period - Deflect By Michael Ferland.
16:04 of 2nd period - Goal by Michael Ferland - Ice Dragons : 4 - Thunder : 2.
16:04 of 2nd period - Niklas Treutle enters game.
16:05 of 2nd period - Ryan Nugent-Hopkins wins face-off versus Brian Boyle in neutral zone.
16:08 of 2nd period - Snap shot by Benn Ferriero.
16:08 of 2nd period - Stopped by Anders Nilsson with a rebound.
16:10 of 2nd period - Snap shot by Benn Ferriero.
16:10 of 2nd period - Stopped by Anders Nilsson with a rebound.
16:12 of 2nd period - Wrist shot by David Wolf.
16:12 of 2nd period - Shot Blocked by Alec Martinez.
16:14 of 2nd period - Snap shot by Peter Andersson.
16:14 of 2nd period - Stopped by Anders Nilsson with a rebound.
16:54 of 2nd period - Michael Chaput is hit by Adam Clendening and loses puck.
17:03 of 2nd period - Snap shot by Austin Wuthrich.
17:03 of 2nd period - Shot Misses the Net.
17:15 of 2nd period - Joe Labate is hit by Brandon Kozun and loses puck.
17:26 of 2nd period - Icing by Logan MacMillan.
17:27 of 2nd period - Trevor Lewis wins face-off versus Brian Boyle in Ice Dragons zone.
17:30 of 2nd period - Snap shot by Thomas Spelling.
17:30 of 2nd period - Shot Misses the Net.
18:19 of 2nd period - Snap shot by Brian Boyle.
18:19 of 2nd period - Stopped by Niklas Treutle with a rebound.
18:21 of 2nd period - Slapshot by Michael Stone.
18:21 of 2nd period - Shot Misses the Net.
18:31 of 2nd period - Logan MacMillan is hit by Jared Staal and loses puck.
18:42 of 2nd period - Snap shot by Brandon Kozun.
18:42 of 2nd period - Stopped by Niklas Treutle with a rebound.
18:44 of 2nd period - Slapshot by Michael Stone.
18:44 of 2nd period - Stopped by Niklas Treutle with a rebound.
18:48 of 2nd period - Wrist shot by Brandon Kozun.
18:48 of 2nd period - Shot Misses the Net.
18:54 of 2nd period - Snap shot by Brian Boyle.
18:54 of 2nd period - Stopped by Niklas Treutle with a rebound.
18:56 of 2nd period - Snap shot by Brandon Kozun.
18:56 of 2nd period - Stopped by Niklas Treutle with a rebound.
18:58 of 2nd period - Wrist shot by Brian Boyle.
18:58 of 2nd period - Shot Misses the Net.
19:00 of 2nd period - Slapshot by Michael Stone.
19:00 of 2nd period - Deflect By Jared Staal.
19:00 of 2nd period - Stopped by Niklas Treutle without a rebound.
19:01 of 2nd period - Ryan Nugent-Hopkins wins face-off versus Luke Adam in Thunder zone.
19:01 of 2nd period - Ryan Nugent-Hopkins is hit by Justin Shugg.
19:04 of 2nd period - Minor Penalty to Jake Muzzin for Tripping.
19:05 of 2nd period - Benn Ferriero wins face-off versus Luke Adam in Thunder zone.
19:05 of 2nd period - Benn Ferriero is hit by Justin Shugg.
19:48 of 2nd period - Snap shot by David Wolf.
19:48 of 2nd period - Shot Misses the Net.
Goals for this period are 4 for Ice Dragons vs 2 for Thunder.
Shots for this period are 17 for Ice Dragons vs 18 for Thunder.
3rd period
0:01 of 3rd period - Brian Boyle wins face-off versus Benn Ferriero in neutral zone.
0:13 of 3rd period - Off-side.
0:14 of 3rd period - Benn Ferriero wins face-off versus Brian Boyle in neutral zone.
0:27 of 3rd period - Slapshot by Benn Ferriero.
0:27 of 3rd period - Shot Misses the Net.
0:29 of 3rd period - Slapshot by Gianluca Curcuruto.
0:29 of 3rd period - Stopped by Anders Nilsson without a rebound.
0:30 of 3rd period - Benn Ferriero wins face-off versus Brian Boyle in Ice Dragons zone.
0:35 of 3rd period - Minor Penalty to Matt Corrente for Interference.
0:36 of 3rd period - Benn Ferriero wins face-off versus Brian Boyle in Ice Dragons zone.
0:39 of 3rd period - Snap shot by Benn Ferriero.
0:39 of 3rd period - Shot Misses the Net.
0:41 of 3rd period - Slapshot by Ryan Nugent-Hopkins.
0:41 of 3rd period - Shot Blocked by Michael Stone.
0:43 of 3rd period - Slapshot by Peter Andersson.
0:43 of 3rd period - Goal by Peter Andersson - Ice Dragons : 4 - Thunder : 3.
0:44 of 3rd period - Brian Boyle wins face-off versus Benn Ferriero in neutral zone.
0:51 of 3rd period - Wrist shot by Brian Boyle.
0:51 of 3rd period - Stopped by Niklas Treutle without a rebound.
0:52 of 3rd period - Brian Boyle wins face-off versus Benn Ferriero in Thunder zone.
1:04 of 3rd period - Penalty to Jake Muzzin is over, Jake Muzzin is back on ice.
1:17 of 3rd period - Ryan Nugent-Hopkins is hit by Luke Adam and loses puck.
1:36 of 3rd period - Snap shot by Jamie McGinn.
1:36 of 3rd period - Stopped by Anders Nilsson without a rebound.
1:37 of 3rd period - Luke Adam wins face-off versus Trevor Lewis in Ice Dragons zone.
1:52 of 3rd period - Snap shot by Thomas Spelling.
1:52 of 3rd period - Goal by Thomas Spelling - Ice Dragons : 4 - Thunder : 4.
1:53 of 3rd period - Brian Boyle wins face-off versus Ryan Nugent-Hopkins in neutral zone.
2:06 of 3rd period - Slapshot by Benn Ferriero.
2:06 of 3rd period - Shot Blocked by Brian Boyle.
2:14 of 3rd period - Minor Penalty to Logan MacMillan for Delaying the game.
2:15 of 3rd period - Brian Boyle wins face-off versus Ryan Nugent-Hopkins in Ice Dragons zone.
2:15 of 3rd period - Brian Boyle is hit by Ryan Nugent-Hopkins.
2:44 of 3rd period - Slapshot by Alec Martinez.
2:44 of 3rd period - Shot Blocked by Jake Muzzin.
3:02 of 3rd period - Slapshot by David Rundblad.
3:02 of 3rd period - Shot Blocked by Duncan Siemens.
3:48 of 3rd period - Trevor Lewis is hit by Matt Corrente and loses puck.
4:14 of 3rd period - Penalty to Logan MacMillan is over, Logan MacMillan is back on ice.
4:30 of 3rd period - Slapshot by Kevin Connauton.
4:30 of 3rd period - Deflect By Luke Adam.
4:30 of 3rd period - Stopped by Niklas Treutle without a rebound.
4:31 of 3rd period - Jared Staal wins face-off versus Logan MacMillan in Thunder zone.
4:31 of 3rd period - Jared Staal is hit by Logan MacMillan.
5:05 of 3rd period - Chris Wagner is hit by Gianluca Curcuruto and loses puck.
5:27 of 3rd period - Icing by Chris Wagner.
5:28 of 3rd period - Michael Chaput wins face-off versus Joe Labate in Ice Dragons zone.
5:35 of 3rd period - Slapshot by Joe Labate.
5:35 of 3rd period - Stopped by Anders Nilsson with a rebound.
5:37 of 3rd period - Slapshot by Peter Andersson.
5:37 of 3rd period - Shot Blocked by Chris Wagner.
5:39 of 3rd period - Snap shot by Joe Labate.
5:39 of 3rd period - Shot Blocked by Matt Corrente.
5:41 of 3rd period - Slapshot by Peter Andersson.
5:41 of 3rd period - Shot Blocked by Alec Martinez.
5:43 of 3rd period - Slapshot by Peter Andersson.
5:43 of 3rd period - Deflect By Joe Labate.
5:43 of 3rd period - Shot Blocked by Michael Chaput.
5:43 of 3rd period - Puck is out of play.
5:44 of 3rd period - Ryan Nugent-Hopkins wins face-off versus Brian Boyle in Ice Dragons zone.
6:35 of 3rd period - Trevor Lewis is hit by Sam Carrick.
6:45 of 3rd period - Wrist shot by Trevor Lewis.
6:45 of 3rd period - Shot Misses the Net.
9:22 of 3rd period - Penalty Shot by Jared Staal for Thunder.
9:22 of 3rd period - Snap shot by Jared Staal.
9:22 of 3rd period - Stopped by Anders Nilsson.
9:23 of 3rd period - Trevor Lewis wins face-off versus Brian Boyle in Thunder zone.
9:48 of 3rd period - Michael Chaput is hit by Adam Clendening and loses puck.
10:40 of 3rd period - Jake Muzzin is hit by Chris Wagner and loses puck.
10:47 of 3rd period - Thomas Spelling is hit by Michael Chaput and loses puck.
11:02 of 3rd period - Slapshot by Joe Labate.
11:02 of 3rd period - Shot Misses the Net.
11:04 of 3rd period - Wrist shot by Peter Andersson.
11:04 of 3rd period - Stopped by Anders Nilsson with a rebound.
11:06 of 3rd period - Wrist shot by Joe Labate.
11:06 of 3rd period - Shot Blocked by Michael Stone.
11:36 of 3rd period - Sam Carrick is hit by Jared Staal.
11:56 of 3rd period - Gianluca Curcuruto is hit by Brian Boyle and loses puck.
13:13 of 3rd period - Luke Adam is hit by Jake Muzzin and loses puck.
14:53 of 3rd period - Wrist shot by Ryan Nugent-Hopkins.
14:53 of 3rd period - Stopped by Anders Nilsson with a rebound.
15:30 of 3rd period - Alec Martinez is hit by David Wolf and loses puck.
16:26 of 3rd period - Michael Ferland is hit by Ryan Nugent-Hopkins and loses puck.
17:16 of 3rd period - Backhand shot by David Rundblad.
17:16 of 3rd period - Stopped by Niklas Treutle without a rebound.
17:17 of 3rd period - Trevor Lewis wins face-off versus Michael Chaput in Thunder zone.
17:17 of 3rd period - Trevor Lewis is hit by Brandon Kozun.
18:31 of 3rd period - Logan MacMillan is hit by Nikolay Prokhorkin and loses puck.
18:40 of 3rd period - Joe Labate is hit by Alec Martinez and loses puck.
18:51 of 3rd period - Luke Adam is hit by Benn Ferriero and loses puck.
19:08 of 3rd period - Slapshot by Ryan Nugent-Hopkins.
19:08 of 3rd period - Shot Misses the Net.
19:36 of 3rd period - Slapshot by Kevin Connauton.
19:36 of 3rd period - Stopped by Niklas Treutle without a rebound.
19:37 of 3rd period - Ryan Nugent-Hopkins wins face-off versus Theodor Blueger in Thunder zone.
19:39 of 3rd period - Minor Penalty to Jake Muzzin for Holding.
19:40 of 3rd period - Brian Boyle wins face-off versus Benn Ferriero in Thunder zone.
19:54 of 3rd period - Slapshot by Brian Boyle.
19:54 of 3rd period - Shot Misses the Net.
Goals for this period are 0 for Ice Dragons vs 2 for Thunder.
Shots for this period are 4 for Ice Dragons vs 7 for Thunder.
Overtime #1
0:01 of 1st overtime period - Benn Ferriero wins face-off versus Brian Boyle in neutral zone.
1:39 of 1st overtime period - Penalty to Jake Muzzin is over, Jake Muzzin is back on ice.
1:52 of 1st overtime period - Off-side.
1:53 of 1st overtime period - Michael Chaput wins face-off versus Benn Ferriero in neutral zone.
1:58 of 1st overtime period - Duncan Siemens is hit by Michael Chaput.
2:16 of 1st overtime period - Luke Adam is hit by Duncan Siemens and loses puck.
2:37 of 1st overtime period - Snap shot by Matt Corrente.
2:37 of 1st overtime period - Shot Blocked by Jake Muzzin.
2:39 of 1st overtime period - Snap shot by Sam Carrick.
2:39 of 1st overtime period - Stopped by Niklas Treutle with a rebound.
4:47 of 1st overtime period - David Rundblad is hit by David Wolf and loses puck.
Goals for this period are 0 for Ice Dragons vs 0 for Thunder.
Shots for this period are 1 for Ice Dragons vs 0 for Thunder.
ShootOut
5:00 of 1st overtime period - Round #1.
5:00 of 1st overtime period - Ice Dragons, Brian Boyle.
5:00 of 1st overtime period - Wrist shot by Brian Boyle.
5:00 of 1st overtime period - Goal by Brian Boyle.
5:00 of 1st overtime period - Thunder, Benn Ferriero.
5:00 of 1st overtime period - Backhand shot by Benn Ferriero.
5:00 of 1st overtime period - Shot Misses the Net.
5:00 of 1st overtime period - Round #2.
5:00 of 1st overtime period - Ice Dragons, Luke Adam.
5:00 of 1st overtime period - Wrist shot by Luke Adam.
5:00 of 1st overtime period - Stopped by Niklas Treutle.
5:00 of 1st overtime period - Thunder, Ryan Nugent-Hopkins.
5:00 of 1st overtime period - Deke by Ryan Nugent-Hopkins.
5:00 of 1st overtime period - Goal by Ryan Nugent-Hopkins.
5:00 of 1st overtime period - Round #3.
5:00 of 1st overtime period - Ice Dragons, Michael Chaput.
5:00 of 1st overtime period - Snap shot by Michael Chaput.
5:00 of 1st overtime period - Goal by Michael Chaput.
5:00 of 1st overtime period - Thunder, Trevor Lewis.
5:00 of 1st overtime period - Snap shot by Trevor Lewis.
5:00 of 1st overtime period - Stopped by Anders Nilsson.
Back to the Top